 Dungeon Crawl Stone Soup version 0.17.0 (webtiles) character file.

94 tetracat the Sneak (level 4, -2/31 HPs)
             Began as a Halfling Assassin on Nov 17, 2015.
             Was an Initiate of Gozag.
             Killed by nerve-wracking pain
             ... invoked by patrick's ghost
              (11 damage)
             ... on level 3 of the Dungeon.
             The game lasted 00:03:57 (2642 turns).

tetracat the Sneak (Halfling Assassin)              Turns: 2642, Time: 00:03:57

Health: -2/31      AC:  5    Str: 11    XL:     4   Next: 94%
Magic:  4/4        EV: 15    Int: 10    God:    Gozag
Gold:   218        SH:  0    Dex: 16    Spells: 0 memorised, 3 levels left

rFire  . . .     SeeInvis +     a - +2 dagger
rCold  . . .     Clarity  .     o - +0 leather armour
rNeg   + . .     SustAt   .     (shield restricted)
rPois  .         Gourm    .     (no helmet)
rElec  .         Spirit   .     d - +0 cloak
rCorr  .         Warding  +     (no gloves)
rMut   .         Stasis   .     q - +0 pair of boots
MR     .....                    p - amulet of warding
Stlth  +++.......               (no ring)
                                t - ring of see invisible

@: not resistant to hostile enchantments, fairly stealthy
A: mutation resistance 1
a: Potion Petition, Call Merchant, Bribe Branch, Renounce Religion


You were on level 3 of the Dungeon.
You worshipped Gozag.
Gozag was noncommittal.
You were not hungry.

You visited 1 branch of the dungeon, and saw 3 of its levels.

You collected 256 gold pieces.
You paid 38 gold pieces to Gozag.

Inventory:

Hand Weapons
 a - a +2 dagger (weapon)
 b - a +0 blowgun
Missiles
 e - 36 poisoned needles
 f - 2 curare-tipped needles
Armour
 c - a +0 robe
 d - a +0 cloak (worn)
 o - a +0 leather armour (worn)
 q - a +0 pair of boots (worn)
Jewellery
 p - an amulet of warding (around neck)
 t - a ring of see invisible (left hand)
Scrolls
 i - 5 scrolls of identify {unknown}
 j - a scroll of fear {unknown}
 r - a scroll of teleportation {unknown}
 s - a scroll of recharging {unknown}
Potions
 h - 2 potions of might {unknown}
 k - a potion of curing {unknown}
 l - 3 potions of degeneration {unknown}
 n - 3 potions of agility {unknown}
Comestibles
 g - 6 bread rations
 m - a meat ration


   Skills:
 + Level 3.1 Fighting
 - Level 3.6 Short Blades
 - Level 2.1 Throwing
 + Level 0.0 Armour
 + Level 2.9 Dodging
 - Level 4.3 Stealth


You had 3 spell levels left.
You didn't know any spells.

Dungeon Overview and Level Annotations

Branches:
Dungeon (3/15)

Altars:
Gozag

Annotations:
D:3 patrick's ghost, weakling KoNe


Innate Abilities, Weirdness & Mutations

You are small and have problems with some larger weapons.
You are somewhat resistant to further mutation.


Message History

That beef jerky was jerk-a-riffic!
You open the door.
There is an open door here.
Patrick's ghost is too close now for your liking.
Patrick's ghost turns its malevolent gaze towards you.
Patrick's ghost casts a spell at you. Pain shoots through your body!
You closely miss patrick's ghost. Patrick's ghost misses you.
You hit patrick's ghost.
Patrick's ghost is moderately damaged.
Patrick's ghost casts a spell at you. Pain shoots through your body!
Patrick's ghost barely misses you. Patrick's ghost hits you.
* * * LOW HITPOINT WARNING * * *
You see here a scroll labeled IPICAT SUPP.
Patrick's ghost gestures at you while chanting.
Pain shoots through your body!
You die...
Your body crumbles into a pile of gold.

#### #...#...#.#
#..#####.........#.#
#..#<..#.........#.#
...###.#.........#.####
...# #.##'##..$........
..[# #.##.......##.####
#..# #.##.......##.# #
#..#
#.##..........##.(#
#..#
#.##.....W.@.<....#
#..#
#.##......###.#...#
#..# #.##......# #.#
..# #..###.##.###.##
#.# .# #...##.##.# #.#
#.# .. #...##.##.# #..
..# ##
#...##.##.##########
#......#.........
##.#.###..########


You could see patrick's ghost.

Vanquished Creatures
  4 adders
  An ooze (D:3)
  A worm (D:2)
  2 giant geckos
  5 ball pythons
  5 bats
  5 giant cockroaches
  6 goblins
  3 hobgoblins
  7 jackals
  2 quokkas
  A giant newt (D:2)
  4 kobolds
  4 rats
50 creatures vanquished.

Notes
Turn   | Place    | Note
--------------------------------------------------------------
     0 | D:1      | tetracat the Halfling Assassin began the quest for the Orb.
     0 | D:1      | Reached XP level 1. HP: 14/14 MP: 1/1
   174 | D:1      | Reached XP level 2. HP: 19/19 MP: 2/2
   514 | D:1      | Reached XP level 3. HP: 22/24 MP: 3/3
  1374 | D:2      | Reached XP level 4. HP: 30/30 MP: 4/4
  1405 | D:2      | Found an opulent altar of Gozag.
  1429 | D:2      | Became a worshipper of Gozag Ym Sagoz the Greedy
  1740 | D:3      | Noticed patrick's ghost (weakling KoNe)
  2642 | D:3      | Killed from afar by patrick's ghost

Action                   |  1- 3 |  4- 6 || total
-------------------------+-------+-------++-------
Melee: Dagger            |    90 |    83 ||   173
 Fire: Blowgun           |     9 |       ||     9
 Stab: Sleeping          |     5 |     3 ||     8
       Distracted        |     1 |       ||     1
  Eat: Chunk             |     1 |     1 ||     2
       Beef jerky        |       |     2 ||     2
